 Seeded DCSS version 0.29-a0-1027-gcd8c55af63 (webtiles) character file.

Game seed: 20220813 (custom seed)

10358 purpskrrrp the Skirmisher (level 11, -4/72 HPs)
             Began as a Formicid Hunter on Aug 12, 2022.
             Was an Initiate of Gozag.
             Killed from afar by an electric eel (13 damage)
             ... with a bolt of electricity
             ... on level 10 of the Dungeon.
             The game lasted 00:42:57 (11278 turns).

purpskrrrp the Skirmisher (Formicid Hunter)        Turns: 11278, Time: 00:42:58

Health: -4/72      AC:  7    Str: 21    XL:     11   Next: 91%
Magic:  11/11      EV: 16    Int: 16    God:    Gozag
Gold:   301        SH:  5    Dex: 21    Spells: 10/10 levels left

rFire   . . .      SeeInvis +   A - +0 triple crossbow (venom)
rCold   . . .      Faith    .   (no shield)
rNeg    . . .      Spirit   .   C - +2 leather armour {Will+}
rPois   .          Reflect  +   (helmet unavailable)
rElec   .          Harm     +   p - scarf {harm}
rCorr   .          Rampage  .   (no gloves)
Will    ++...                   w - +0 pair of boots
Stlth   ++++......              s - amulet of reflection
HPRegen 0.22/turn               l - +6 ring of intelligence
MPRegen 0.12/turn               x - +6 ring of strength

@: gold aura, studying Poison Magic
A: permanent stasis, dig shafts and tunnels, antennae 3, four strong arms
a: Dig, Shaft Self, Renounce Religion, Potion Petition, Call Merchant, Bribe
Branch


You were on level 10 of the Dungeon.
You worshipped Gozag.
Gozag was aware of your devotion.
You visited 2 branches of the dungeon, and saw 11 of its levels.

You collected 2774 gold pieces.
You spent 1690 gold pieces at shops.
You paid 783 gold pieces to Gozag.

Inventory:

Hand Weapons
 a - a +0 shortbow
 t - a +0 vorpal shortbow
 A - a +0 triple crossbow of venom (weapon)
Armour
 c - a +0 leather armour
 p - a scarf of harm (worn)
 w - a +0 pair of boots (worn)
 y - a +0 cloak
 C - a +2 leather armour of willpower (worn)
Jewellery
 l - a +6 ring of intelligence (left hand)
 s - an amulet of reflection (around neck)
 x - a +6 ring of strength (right hand)
 B - a ring of fire
 H - a ring of protection from cold
Wands
 d - a wand of roots (16)
 q - a wand of polymorph (4)
 D - a wand of mindburst (30)
 G - a wand of paralysis (12)
Scrolls
 b - 3 scrolls of immolation
 f - a scroll of blinking
 g - 2 scrolls of noise
 h - 8 scrolls of teleportation
 m - 2 scrolls of vulnerability
 r - 2 scrolls of fear
 u - 3 scrolls of poison
 v - 3 scrolls of magic mapping
 E - a scroll of amnesia
 F - 4 scrolls of identify
 L - a scroll of torment
Potions
 e - 2 potions of flight
 i - 2 potions of degeneration
 j - a potion of lignification
 k - 3 potions of curing
 n - 2 potions of might
 o - 2 potions of cancellation
 z - 2 potions of attraction
Miscellaneous
 I - a phial of floods


   Skills:
 - Level 2.2 Fighting
 + Level 13.8 Ranged Weapons
 + Level 7.6 Armour
 + Level 6.6 Dodging
 + Level 9.3 Stealth


You had 10 spell levels left.
You didn't know any spells.
Your spell library contained the following spells:

 Spells                   Type           Power      Damage    Failure   Level
 Beastly Appendage        Tmut           0%         N/A       28%         1
 Magic Dart               Conj           0%         1d3       28%         1
 Sandblast                Erth           0%         2d4       28%         1
 Slow                     Hex            0%         N/A       28%         1
 Call Imp                 Summ           0%         N/A       41%         2
 Passwall                 Tmut/Erth      0%         N/A       41%         2
 Sublimation of Blood     Necr           0%         N/A       41%         2
 Wereblood                Tmut           0%         N/A       41%         2
 Confusing Touch          Hex            0%         N/A       65%         3
 Mephitic Cloud           Conj/Pois/Air  0%         N/A       65%         3
 Spider Form              Tmut/Pois      0%         N/A       65%         3
 Stone Arrow              Conj/Erth      0%         3d7       65%         3
 Vampiric Draining        Necr           0%         2d6       65%         3
 Petrify                  Tmut/Erth      0%         N/A       96%         4
 Alistair's Intoxication  Tmut/Pois      0%         N/A       100%        5
 Borgnjor's Vile Clutch   Necr/Erth      0%         N/A       100%        5
 Irradiate                Conj/Tmut      0%         3d11      100%        5
 Eringya's Noxious Bog    Tmut/Pois      0%         N/A       100%        6


Dungeon Overview and Level Annotations

Branches:
Dungeon (10/15)            Temple (1/1) D:6            Lair (0/5) D:10
    Orc: D:9-12

Altars:
Ashenzari
Cheibriados
Dithmenos
Fedhas
Gozag
Hepliaklqana
Kikubaaqudgha
Makhleb
Nemelex Xobeh
Ru
Sif Muna
Trog
Uskayaw
Vehumet
Xom
Yredelemnul
Zin

Shops:
D:3 ((([(   D:6 !*   D:9 *


Innate Abilities, Weirdness & Mutations

You cannot be hasted, slowed, berserked, paralysed or teleported.
You can dig through walls and to a lower floor.
You have a pair of large antennae on your head. (SInv)
Your four strong arms can wield two-handed weapons with a shield.


Message History

The bolt hits the wolf!!
You kill the wolf!
Fire: A) +0 triple crossbow (venom)
Press: ? - help, Shift-Dir - straight line, f - wolf
Aim: a wolf (50% to hit)
You shoot a bolt. The bolt hits the wolf.
The wolf is poisoned.
The wolf is no longer distracted by gold.
The wolf is lightly wounded.
The wolf stops to sniff the ground.
The wolf misses you. The wolf closely misses you.
Fire: A) +0 triple crossbow (venom)
Press: ? - help, Shift-Dir - straight line, f/p - wolf
Aim: a wolf (heavily wounded, very poisoned, 50% to hit)
You shoot a bolt. The bolt closely misses the wolf.
The wolf closely misses you. The wolf bites you but does no damage.
The wolf completely misses you.
Fire: A) +0 triple crossbow (venom)
Press: ? - help, Shift-Dir - straight line, f/p - wolf
Aim: a wolf (almost dead, very poisoned, 50% to hit)
You shoot a bolt. The bolt misses the wolf.
You block the wolf's attack. The wolf bites you but does no damage.
Fire: A) +0 triple crossbow (venom)
Press: ? - help, Shift-Dir - straight line, f/p - wolf
Aim: a wolf (almost dead, very poisoned, 50% to hit)
You shoot a bolt. The bolt hits the wolf.
You kill the wolf!
An electric eel comes into view.
Okay, then.
Fire: A) +0 triple crossbow (venom)
Press: ? - help, Shift-Dir - straight line, f - electric eel
Aim: an electric eel (wandering, hasn't noticed you, 50% to hit)
You shoot a bolt. The bolt hits the electric eel.
The electric eel is poisoned.
The electric eel is lightly wounded.
The electric eel shoots out a bolt of lightning at you!
The bolt of electricity hits you.
* * * LOW HITPOINT WARNING * * *
The electric eel shoots out a bolt of lightning at you!
The bolt of electricity hits you!
You die...
Your body crumbles into a pile of gold.

≈≈≈≈~S.$..~≈~..
≈≈≈≈~..>.~.~~..
≈≈≈≈≈..$...~...
#~≈≈≈≈≈..~.~$~..
#.≈~≈~~..~.≈≈≈..
#..~≈≈..!~~≈≈...
#..~≈~$~$~≈≈~...
#.~..≈≈≈@~≈≈≈~..
#...~≈≈~.≈≈≈~~..
#.~~~≈≈~.~.~≈...
#..≈~~≈~.~.~~...
#########.~~..~~...~....
...)).##................
#####..)................
####...........#.###
#####.........#


You could see an electric eel (very poisoned).

Vanquished Creatures
  A two-headed ogre (D:10)
  Pikel (D:6)
  A kobold demonologist (D:9)
  23 yaks
  Eustachio (D:6)
  A steam dragon (D:9)
  Duvessa (D:6)
  2 acid dragons
  A water moccasin (D:7)
  3 orc warriors
  A sky beast (D:8)
  An ice beast (D:5)
  4 black bears
  3 ogres
  5 centaurs
  2 phantoms
  4 wolves (D:10)
  3 lemures (D:6)
  5 kobold brigands
  A bullfrog (D:8)
  A necrophage (D:5)
  5 scorpions
  6 wights
  Dowan (D:6)
  12 killer bees
  2 electric eels (D:10)
  3 howler monkeys (D:10)
  8 hounds
  9 orc priests
  3 gnoll boudas
  A jelly (D:5)
  3 iguanas
  8 orc wizards
  A statue (D:9)
  27 gnolls
  4 adders
  A white imp (D:6)
  2 ufetubi
  A dart slug (D:4)
  27 orcs
  8 ball pythons
  11 endoplasms
  5 goblins
  4 hobgoblins
  3 jackals (D:2)
  6 quokkas
  2 bats
  3 frilled lizards
  27 kobolds
  4 rats
262 creatures vanquished.

Vanquished Creatures (others)
  A human (D:7)
1 creature vanquished.

Grand Total: 263 creatures vanquished

Notes
Turn   | Place    | Note
-------+----------+-------------------------------------------
     0 | D:1      | purpskrrrp the Formicid Hunter began the quest for the Orb.
     0 | D:1      | Reached XP level 1. HP: 16/16 MP: 1/1
     6 | D:1      | Noticed a polar bear
     6 | D:1      | Noticed a salamander
     7 | D:1      | Noticed a rime drake
    79 | D:1      | Reached XP level 2. HP: 20/22 MP: 2/2
   412 | D:1      | Reached XP level 3. HP: 27/27 MP: 3/3
   886 | D:2      | Reached skill level 5 in Ranged Weapons
  1564 | D:3      | Found Guhuseed's Weapon Shoppe.
  1571 | D:3      | Bought a +0 vorpal shortbow for 78 gold pieces
  1616 | D:3      | Reached XP level 4. HP: 33/33 MP: 4/4
  1631 | D:4      | Noticed a scorpion
  1640 | D:4      | Killed a scorpion
  1641 | D:4      | Reached skill level 6 in Ranged Weapons
  1641 | D:4      | Reached XP level 5. HP: 19/38 MP: 5/5
  1649 | D:4      | Noticed an ogre
  1883 | D:3      | Found Mavvokar's Armour Emporium.
  1894 | D:3      | Found Isys's Antique Weapon Emporium.
  1931 | D:3      | Found Otopsi's Antique Weapon Emporium.
  1983 | D:3      | Found a faded altar of an unknown god.
  2121 | D:5      | Entered Level 5 of the Dungeon
  2170 | D:5      | Reached XP level 6. HP: 30/44 MP: 6/6
  2360 | D:5      | Reached skill level 7 in Ranged Weapons
  2570 | D:5      | HP: 1/44 [gnoll/+0 spear (6)]
  2670 | D:5      | Noticed an ice beast
  2681 | D:5      | Killed an ice beast
  2682 | D:5      | Reached skill level 8 in Ranged Weapons
  2682 | D:5      | Reached XP level 7. HP: 50/50 MP: 7/7
  3517 | D:6      | Found a staircase to the Ecumenical Temple.
  3530 | Temple   | Entered the Ecumenical Temple
  3660 | Temple   | Became a worshipper of Gozag Ym Sagoz the Greedy
  3694 | D:6      | Reached skill level 9 in Ranged Weapons
  3694 | D:6      | Reached XP level 8. HP: 51/56 MP: 8/8
  3702 | D:6      | Found Menn's Lightly-Used Armoury.
  3710 | D:6      | Bought a -2 triple crossbow for 1 gold piece
  3814 | D:4      | Reached skill level 10 in Ranged Weapons
  4079 | D:4      | Found a sacrificial altar of Ru.
  4314 | D:3      | Found Acaleha's Weapon Shop.
  4594 | D:3      | Bought a scarf of harm for 99 gold pieces
  5130 | D:5      | Reached skill level 11 in Ranged Weapons
  5131 | D:5      | Reached XP level 9. HP: 42/61 MP: 9/9
  5680 | D:6      | Reached skill level 12 in Ranged Weapons
  5852 | D:6      | Noticed Duvessa
  5854 | D:6      | Noticed Dowan
  5856 | D:6      | Killed Duvessa
  5858 | D:6      | Killed Dowan
  5859 | D:6      | Reached skill level 1 in Armour
  6049 | D:6      | Noticed Pikel
  6051 | D:6      | Killed Pikel
  6169 | D:6      | Found Lath's Distillery.
  6196 | D:6      | Noticed Eustachio
  6199 | D:6      | Killed Eustachio
  6582 | D:6      | Reached XP level 10. HP: 67/67 MP: 10/10
  6607 | D:6      | Found a shimmering altar of Xom.
  6665 | D:6      | Identified a scroll of acquirement
  6665 | D:6      | Acquired 807 gold pieces
  7144 | D:7      | Found an ancient bone altar of Kikubaaqudgha.
  7838 | D:8      | Reached skill level 5 in Stealth
  8231 | D:8      | Found a basalt altar of Yredelemnul.
  8505 | D:8      | Reached skill level 5 in Armour
  8513 | D:8      | Reached skill level 13 in Ranged Weapons
  8514 | D:8      | Reached skill level 5 in Dodging
  8670 | D:8      | Reached XP level 11. HP: 72/72 MP: 11/11
  8782 | D:8      | Found a glowing silver altar of Zin.
  8791 | D:8      | Found a burning altar of Makhleb.
  9998 | D:9      | Found a sparkling altar of Nemelex Xobeh.
 10300 | D:9      | Found a radiant altar of Vehumet.
 10544 | D:9      | Bought a scroll labelled NIKE ZEIQA for 28 gold pieces
 10544 | D:9      | Bought a scroll of acquirement for 1456 gold pieces
 10544 | D:9      | Bought a scroll labelled DOIPPO ZETUSUF for 28 gold pieces
 10544 | D:9      | Acquired a manual of Poison Magic
 10666 | D:10     | Entered Level 10 of the Dungeon
 10988 | D:10     | Noticed a two-headed ogre
 10995 | D:10     | Killed a two-headed ogre
 11264 | D:10     | Found a staircase to the Lair.
 11278 | D:10     | Killed from afar by an electric eel

Illustrated notes

Levels and vault maps discovered:
D:1:      onia_arrival_zoo_common, layout_basic
D:2:      layout_basic
D:3:      layout_loops_ring, serial_shops, shop, nicolae_shop_stone, shop,
          nicolae_shop_waterfront, shop, ebering_ecumenical_altar_abandoned,
          grunt_ministairs_3
D:4:      layout_cave_pools, mainiacjoe_overflow_tiny_flanked
D:5:      layout_basic
D:6:      layout_basic, xom_teletrap_fun, temple_hall, serial_shops,
          shop_fountains, minmay_shop_damaged, uniq_duvessa, uniq_pikel,
          uniq_eustachio
D:7:      layout_basic, tgw_kikubaaqudgha
D:8:      minmay_skewed_foursquare, layout_basic, kennysheep_little_box,
          mainiacjoe_overflow_small_starburst, mainiacjoe_overflow_paths
D:9:      layout_cave_pools, nemelex_xobeh_ov_fountains_minmay, vehumet_statue
D:10:     layout_roguey, mainiacjoe_overflow_surrounded_room,
          mainiacjoe_overflow_alcove_3, erik_lair_island, grunt_ogre_cave
Temple:   nicolae_temple_figure_zero

Skill      XL: |  1  2  3  4  5  6  7  8  9 10 11 |
---------------+----------------------------------+-----
Ranged Weapons | 5 6 8 9 11 12 13 | 13.8
Dodging        | 3 5 6 |  6.6
Armour         | 3 5 7 |  7.6
Stealth        | 4 7 9 |  9.3
Fighting       | |  2.2

Action                   |  1- 3 |  4- 6 |  7- 9 | 10-12 || total
-------------------------+-------+-------+-------+-------++-------
 Fire: Shortbow          |    78 |    84 |    31 |       ||   193
       Triple crossbow   |       |       |   125 |   254 ||   379
Invok: Call Merchant     |       |       |       |     1 ||     1
 Abil: Dig               |     1 |       |       |       ||     1
  Use: Potion            |       |     1 |       |     1 ||     2
       Scroll            |       |       |    10 |    14 ||    24
Armor: Leather armour    |     4 |    12 |     3 |    23 ||    42
Dodge: Dodged            |    21 |    18 |    37 |    93 ||   169
Block: Other             |       |     6 |    10 |    30 ||    46
       Reflection        |       |       |     2 |     6 ||     8

Table legend: (Time is in decaauts)
 A = Elapsed time spent in this place.
 B = Non-inter-level travel time spent in this place.
 C = Inter-level travel time spent in this place.
 D = Time resting spent in this place.
 E = Time spent auto-exploring this place.
 F = Levels seen in this place.
 G = Mean time per level.
                   A        B        C        D        E       F      G
               +--------+--------+--------+--------+--------+-----+--------+
         Total |  11588 |  10839 |    749 |   2323 |   6447 |  11 | 1053.5 |
       Dungeon |  11448 |  10723 |    725 |   2323 |   6336 |  10 | 1144.8 |
        Temple |    139 |    115 |     24 |      0 |    111 |   1 |  139.0 |
               +--------+--------+--------+--------+--------+-----+--------+

Top non-repeatable levels by time:
     D:8: 2067 daAuts
     D:5: 1622 daAuts
     D:6: 1562 daAuts
     D:2: 1165 daAuts
     D:3: 1118 daAuts
     D:7: 1064 daAuts
     D:9: 955 daAuts
    D:10: 664 daAuts
     D:1: 627 daAuts
     D:4: 601 daAuts
  Temple: 139 daAuts
